[Event "GrandPrix_30.05"]
[Site "Chess.com"]
[Date "2020.05.30"]
[Round "5"]
[White "grzechu96"]
[Black "dzhumagaliev"]
[Result "0-1"]
[WhiteElo "2379"]
[BlackElo "2253"]
[TimeControl "600+2"]
[EndTime "10:28:42 PDT"]
[Termination "dzhumagaliev won by resignation"]

1. e4 c5 2. Nf3 Nc6 3. Bb5 e6 4.
O-O Nge7 5. Re1 a6 6. Bf1 e5 7. c3 d6 8. d4 cxd4 9. cxd4 Bg4 10. d5 Nd4 11. Be3 Bxf3 12. gxf3 Ng6 13. f4 Qh4 14.
Bxd4 exd4 15. Qa4+ b5 16. Bxb5+ Ke7 17. Bf1 Qg4+ 18.
Kh1 Qxf4 19. Qxd4 Ne5 20. Qe3 g5 21. Nd2 Bg7 22. Qxf4 gxf4 23. Be2 Rhb8 24. Rab1 Rb4 25. Rec1 f3 26. Nxf3 Rxe4 27. Rc2 Nxf3 28. Bxf3 Rh4 29. Bg2 Be5 30. h3 a5 31. b3 Rb4 32. Bf1 Rd4 33.
Re1 Kf6 34. Be2 Rf4 35. Bc4 Rh4 36. Re3 Rg8 37. Rf3+ Ke7 38. Bf1 f6 39. Rc7+ Kd8 40. Rc4 Rh5 41. Bd3 Rhg5 42. Rg4 Rxg4 43. hxg4 Rxg4 44.
Rh3 Rd4 45. Kg2 Rxd5 46. Kf1 h6 47. Ke2 Bf4 48. Rh4 Bg5 49. Rc4 f5 50. Rc6 h5 51.
Ra6 h4 52. Ra8+ Ke7 53. Rg8 Bf6 54. Rg6 Kf7 55. Bc4 Kxg6 56. Bxd5 Kg5 57. Kf3 Bd4 58. a3 Bc5 59. b4 axb4 60. axb4 Bxb4 61. Bc6 Bc3 62.
Bd5 Be5 63. Bc6 h3 64. Bd5 h2 65. Kg2 Kf6 66. Kh1 Bf4 67. Kg2 Ke5 68. Bc6 d5 69. f3 d4 70. Bb5 Bg3 71. Bd3 f4 72. Kh1 Kd5 73. Kg2 Kc5 74. Kh1 Kb4 75. Kg2 Kc3 76. Be4 d3 77. Bxd3 Kxd3 78. Kh1 Ke2 79. Kg2 Bh4 80.
Kh1 Kxf3 0-1

[Event "GrandPrix_30.05"]
[Site "Chess.com"]
[Date "2020.05.30"]
[Round "5"]
[White "Rikikits"]
[Black "KuzubovYuriy"]
[Result "0-1"]
[WhiteElo "2581"]
[BlackElo "2490"]
[TimeControl "600+2"]
[EndTime "10:28:58 PDT"]
[Termination "KuzubovYuriy won on time"]

1. g3 d5 2. Bg2 c5 3. d3 Nc6 4. f4 Nf6 5. Nf3 Bg4 6. Nbd2 e6 7.
O-O Be7 8. e4 h6 9. h3 Bxf3 10.
Qxf3 Qc7 11. exd5 Nd4 12. Qd1 Nxd5 13. Nc4 Rd8 14. c3 Nf5 15. Qf3 b5 16. Ne5 Bd6 17.
Re1 O-O 18. Bd2 b4 19. Re2 bxc3 20. bxc3 Rb8 21. Be1 Bxe5 22. fxe5 c4 23. d4 Rb6 24.
g4 Nfe7 25. Bg3 Rfb8 26. Rf1 Ng6 27. h4 Rb1 28. Rf2 Rxf1+ 29. Rxf1 Rb2 30. h5 Nf8 31. Bh4 Rc2 32. Be1 Nh7 33. Qe4 Rxa2 34. Qb1 Rxg2+ 35.
Kxg2 Ne3+ 36. Kg1 Nxf1 37. Kxf1 Qb6 38. Qxb6 axb6 39. Bd2 Ng5 40. Ke2 Ne4 41. Be1 f5 42. gxf5 exf5 43. Ke3 Kf7 44. d5 b5 45. Kd4 Ke7 46.
Bh4+ Kd7 47. Be1 Kc7 48. Bh4 Kd7 49. Be1 Ng5 50. e6+ Ke7 51. Bh4 Kd6 52. Bg3+ Ke7 53. Bh4 Ke8 54. Kc5 f4 55. Bxg5 hxg5 56. Kc6 f3 57. d6 f2 58. d7+ Ke7 59. Kc7 f1=Q 60.
d8=Q+ Kxe6 61. Qe8+ Kd5 62. Qxb5+ Ke4 63. Qxg5 Qf7+ 64.
Kd6 Kd3 65. Qg6+ Qxg6+ 66. hxg6 Kxc3 67. Ke7 Kd4 68. Kf7 c3 69. Kxg7 c2 0-1

[Event "GrandPrix_30.05"]
[Site "Chess.com"]
[Date "2020.05.30"]
[Round "5"]
[White "hypert"]
[Black "Alex_Molchanov"]
[Result "1-0"]
[WhiteElo "2169"]
[BlackElo "2015"]
[TimeControl "600+2"]
[EndTime "10:28:59 PDT"]
[Termination "hypert won by resignation"]

1. e4 c6 2. Nc3 d5 3. Nf3 Nf6 4. e5 Ne4 5. Ne2 Qb6 6. d4 e6 7. Nfg1 f6 8. f3 Ng5 9. exf6 gxf6 10.
f4 Ne4 11. Nf3 Bd7 12. Ng3 c5 13. Nxe4 dxe4 14. Nd2 Nc6 15. Nc4 Qc7 16. Qh5+ Kd8 17. dxc5 Nd4 18. Qd1 Bxc5 19. Be3 Nf5 20. Bxc5 Qxc5 21.
Qd2 Kc7 22. O-O-O Rhd8 23. g4 Bb5 24. Qc3 Rxd1+ 25. Kxd1 Bxc4 26. gxf5 Rd8+ 27. Ke1 b5 28. b3 Qa3 29. Bxc4 Qc1+ 30. Ke2 Qxh1 31. Qa5+ Kd7 32. Bxe6+ Ke8 33. Qxb5+ Kf8 34. Qc5+ Ke8 35. Qc6+ Kf8 36. Qc5+ Ke8 37. Bd5 Qxh2+ 38. Ke1 Qh1+ 39. Ke2 Qh2+ 40.
Ke1 Qg3+ 41. Ke2 Qf3+ 42. Ke1 Qg3+ 43. Ke2 Qxf4 44. c4 Qh2+ 45. Ke1 Qg3+ 46. Kd1 Qe5 47. Kc2 e3 48. Qc6+ Rd7 49. Be6 Kf8 50. Qxd7 Qe4+ 51. Kb2 Qe5+ 52. Kc2 Qe4+ 53. Qd3 Qg2+ 54. Kc3 e2 55.
Qd8+ Kg7 56. Qe7+ Kh6 57. Qxf6+ Kh5 58. Bf7+ Kg4 59. Qd4+ Kg3 60. Kd2 Qf1 61. Qe3+ Kh4 62. Qxe2 Qxf5 63. Bd5 Qf4+ 64. Qe3 Qh2+ 65. Kc3 Qxa2 66.
Qf4+ Kh3 67. Be6+ Kg2 68. Qg4+ Kf2 69. Qh4+ Kg2 70. Bd5+ Kf1 71. Qh1+ Kf2 72. Qh2+ 1-0

[Event "GrandPrix_30.05"]
[Site "Chess.com"]
[Date "2020.05.30"]
[Round "5"]
[White "Sunerorlater"]
[Black "A_N_D-R_E_I"]
[Result "1-0"]
[WhiteElo "2284"]
[BlackElo "2095"]
[TimeControl "600+2"]
[EndTime "10:29:00 PDT"]
[Termination "Sunerorlater won by resignation"]

1. d4 d5 2. c4 e6 3. Nc3 Nf6 4. cxd5 exd5 5. Bg5 c6 6. e3 Be7 7. Bd3 h6 8. Bf4 O-O 9. h3 Re8 10. Nf3 Bd6 11. O-O Bxf4 12. exf4 Na6 13. Ne5 Nc7 14. Qc2 Ne6 15. Ne2 Qb6 16. Rad1 c5 17. dxc5 Nxc5 18.
Nd4 Bd7 19. Rfe1 Rac8 20. Qb1 a6 21. Bc2 Ne6 22. Nxe6 Bxe6 23. Ba4 Red8 24. f5 Bd7 25. Nxd7 Nxd7 26. Rxd5 Nf6 27. Rxd8+ Rxd8 28. Re2 Rd4 29. Bb3 a5 30. Qc2 Qd8 31. a4 Nd5 32. g3 Nb4 33. Qc5 Nc6 34. Kg2 Qd7 35. Bc4 Kh7 36. b3 Qd8 37.
Qb5 Qd7 38. f6 gxf6 39. Qc5 Kg7 40. Bb5 Qd5+ 41. Qxd5 Rxd5 42. Re8 Nd4 43. Bc4 Rc5 44. Re7 Nc6 45. Rxf7+ Kg6 46. Rxb7 Ne5 47. Rb5 Rc7 48. Bd5 Rc3 49. Rxa5 Kg7 50. Ra7+ Kf8 51. Rb7 Rc2 52. Be4 Re2 53. Bf5 Rb2 54. a5 Nc6 55. a6 Ra2 56.
Rb6 Nd4 57. Bd3 Ke7 58. Bc4 Nc2 59. Re6+ Kd7 60. Rxf6 Ne3+ 61. Kf3 Nc2 62. a7 Nd4+ 63.
Ke4 Rxa7 64. Rf7+ 1-0

[Event "GrandPrix_30.05"]
[Site "Chess.com"]
[Date "2020.05.30"]
[Round "5"]
[White "wnstop"]
[Black "PeshkaTheGreat"]
[Result "1/2-1/2"]
[WhiteElo "2261"]
[BlackElo "2147"]
[TimeControl "600+2"]
[EndTime "10:29:02 PDT"]
[Termination "Game drawn by repetition"]

1. e4 c5 2. Nf3 d6 3. Bb5+ Nd7 4. a4 Nf6 5. Nc3 a6 6. Bc4 e6 7. O-O Be7 8. a5 O-O 9. Re1 b5 10. axb6 Nxb6 11. Ba2 Bb7 12. d3 d5 13. e5 Ne8 14.
d4 Nc7 15. Ne2 f6 16. c3 f5 17. g3 Qe8 18. h4 h6 19. Nf4 g5 20. hxg5 hxg5 21. dxc5 Nd7 22. Nd3 Qh5 23. Nxg5 Qxd1 24. Rxd1 Nxc5 25. Nxc5 Bxc5 26. Nf3 Kf7 27. Nd4 Nb5 28.
Be3 Rac8 29. Kg2 Rg8 30. Kf3 Rg4 31. Bb3 Nxd4+ 32. cxd4 Bb4 33. Rac1 Rgg8 34. Rh1 Rxc1 35. Rxc1 Rc8 36. Rh1 Kg7 37. Bh6+ Kg6 38. Be3 Kg7 39. Ba4 Rc7 40. Bh6+ Kg8 41. Bg5 Bf8 42. Ke3 Bc8 43. Ra1 Rc4 44. Bd1 Rb4 45. b3 Rb7 46. f3 Rc7 47. Kf2 Bb4 48. Rc1 Rxc1 49. Bxc1 a5 50.
Be2 Bd7 51. Bd1 Kf7 52. g4 Kg6 53. Bc2 Kf7 54. gxf5 exf5 55. Ke3 Bc3 56. Bd2 Bxd2+ 57. Kxd2 Kg6 58. Ke3 Kg5 59. f4+ Kg4 60. Bd1+ Kg3 61.
Bh5 Be6 62. Be8 Kg4 63. Bc6 Kg3 64. Be8 Kg4 65. Bb5 Kg3 66. Be2 Bd7 67. Bd1 Bc8 68. Bf3 Be6 69. Be2 Bd7 70. Bh5 Be6 71. Be8 1/2-1/2

[Event "GrandPrix_30.05"]
[Site "Chess.com"]
[Date "2020.05.30"]
[Round "5"]
[White "Velis23"]
[Black "bsnsun"]
[Result "1/2-1/2"]
[WhiteElo "2107"]
[BlackElo "1935"]
[TimeControl "600+2"]
[EndTime "10:29:04 PDT"]
[Termination "Game drawn by repetition"]

1. d4 Nf6 2. Bf4 d5 3. e3 c5 4. c3 Nc6 5. Nd2 cxd4 6. exd4 Bg4 7. Qb3 Qc8 8. Bd3 e6 9. Ngf3 Be7 10. O-O O-O 11.
Ne5 Nxe5 12. dxe5 Nd7 13. Qc2 h6 14. h3 Bh5 15. g4 Bg6 16. Bxg6 fxg6 17. Bg3 g5 18.
Rae1 Rf7 19. f4 gxf4 20. Bxf4 Qc5+ 21. Be3 Rxf1+ 22. Nxf1 Qc4 23. Bd4 Qxa2 24. Ng3 Bh4 25. Kg2 Bxg3 26. Kxg3 Qc4 27. b3 Qc7 28. Qg6 Nf8 29. Qd3 Nd7 30. Qg6 Nf8 31. Qd3 Re8 32. Rf1 Nd7 33. Qg6 Re7 34. Re1 b6 35. Kg2 Nf8 36. Qd3 Rf7 37. b4 a5 38. bxa5 bxa5 39. Qa6 Ng6 40. Kg3 Qe7 41. Rf1 Qh4+ 42. Kh2 Nf4 43. Rf3 Qe1 44. Qf1 Qe4 45. Be3 g5 46.
Bd4 a4 47. Rf2 Qd3 48. Qxd3 Nxd3 49. Ra2 Rb7 50. Rxa4 Kg7 51. Ra8 Nf4 52. Ra7 Rxa7 53. Bxa7 Ne2 54. Bd4 Kf7 55. Kg2 Ke7 56. Kf3 Nf4 57.
h4 Ng6 58. h5 Nf8 59. Bc5+ Kf7 60. Ke3 Nd7 61. Bd4 Ke7 62. Kd3 Nb8 63. Bc5+ Kf7 64. Bd6 Nc6 65. c4 d4 66. c5 Ke8 67.
Bc7 Kd7 68. Bd6 Ke8 69. Kc4 Kd7 70. Kd3 Ke8 1/2-1/2

[Event "GrandPrix_30.05"]
[Site "Chess.com"]
[Date "2020.05.30"]
[Round "5"]
[White "kotmizer"]
[Black "gygygygygyggygygygy"]
[Result "0-1"]
[WhiteElo "2170"]
[BlackElo "2062"]
[TimeControl "600+2"]
[EndTime "10:29:05 PDT"]
[Termination "gygygygygyggygygygy won by resignation"]

1. e4 Nf6 2. e5 Nd5 3. d4 d6 4. Nf3 Bg4 5. Be2 c6 6. O-O Bxf3 7. Bxf3 dxe5 8. dxe5 e6 9. Qe2 Nd7 10. c4 Ne7 11.
Bf4 Ng6 12. Bg3 Qc7 13. Re1 Bb4 14. Nc3 Bxc3 15. bxc3 O-O 16. h4 Ne7 17. Be4 Nc5 18. Bc2 Nf5 19. Bh2 Nxh4 20. Rad1 Ng6 21. Rd4 Rad8 22. f4 Qa5 23. Qe3 Nh4 24. Red1 Rxd4 25.
cxd4 Qxa2 26. Qf2 Qxc4 27. dxc5 Nf5 28. Rd7 b6 29. Rxa7 bxc5 30. Kh1 Nd4 31. Bd1 Qc1 32.
Qf1 Rd8 33. Bg1 Nf5 34. Qd3 Rf8 35. Ra4 h6 36. Rc4 Qa1 37. Bxc5 Rb8 38. Bd4 Qa2 39. Bg1 Rb2 40. Rc2 Rxc2 41. Bxc2 Qa1 42. g4 Nh4 43. Qh7+ Kf8 44. Qe4 Qf1 45. Qb4+ Ke8 46. Qb8+ Kd7 47. Qd6+ Ke8 48. Qxc6+ Kd8 49. Qb6+ Kc8 50.
Qc5+ Kd8 51. Qd4+ Kc8 52. Qc3+ Kb8 53. Qg3 Nf3 54. Qg2 Qxg2+ 55. Kxg2 Ne1+ 56. Kg3 Nxc2 57. f5 Kc8 58. Kf4 Kd7 59. Bc5 g6 60. Bf8 gxf5 61.
gxf5 h5 62. Bg7 Nd4 63. f6 Nf5 64. Kg5 h4 65. Kg4 Kc6 66. Bf8 Kd5 67. Bd6 Nxd6 0-1

[Event "GrandPrix_30.05"]
[Site "Chess.com"]
[Date "2020.05.30"]
[Round "5"]
[White "Chessbuster123"]
[Black "bernereremit"]
[Result "1-0"]
[WhiteElo "1943"]
[BlackElo "2074"]
[TimeControl "600+2"]
[EndTime "10:29:24 PDT"]
[Termination "Chessbuster123 won by resignation"]

1. d4 Nf6 2. c4 g6 3. g3 Bg7 4.
Bg2 d5 5. cxd5 Nxd5 6. e4 Nb6 7.
Ne2 Nc6 8. d5 Ne5 9. Nbc3 e6 10.
O-O exd5 11. exd5 O-O 12. b3 Bg4 13. f3 Bf5 14. Be3 Re8 15. Bd4 Nxd5 16. Nxd5 Qxd5 17.
f4 Qa5 18. Bxe5 Rad8 19. Qe1 Rd2 20. Rd1 Qb6+ 21. Kh1 Rxa2 22. Rd2 Qxb3 23. Nd4 Qa4 24. Nxf5 gxf5 25. Rxa2 Qxa2 26. Qb4 b6 27. Bxg7 Kxg7 28.
Qc3+ Kg6 29. Qxc7 Re6 30. g4 Re2 31. Qc6+ Kg7 32. gxf5 Rc2 33. f6+ Kh6 34. Qf3 Qe6 35. Rg1 Rc5 36. Bh3 Qc6 37. Qxc6 Rxc6 38. Ra1 a5 39.
Kg2 Rxf6 40. Kf3 Rc6 41. Rb1 Kg6 42. Bf1 Kf6 43. Ke4 Re6+ 44. Kd5 a4 45. Ra1 Re3 46. Rxa4 Kf5 47. Kd4 Rb3 48. Bd3+ Kg4 49. Ra7 Kxf4 50. Rxf7+ Kg5 51. Rxh7 Rb4+ 52. Kc3 Rh4 53. Rg7+ Kf6 54. Rg2 b5 55. Bc2 Rh3+ 56. Kb4 Rh4+ 57. Kxb5 Rh5+ 58.
Kc4 Rh4+ 59. Kd3 Kf7 60. Ke3 Kf6 61. Kf3 Rc4 62. Be4 Rc3+ 63. Kf4 Ra3 64. Rg6+ Kf7 65. h4 Ra1 66. Rb6 Rf1+ 67. Bf3 Re1 68. h5 Kg7 69.
Bg4 Ra1 70. Kg5 Rg1 71. Rb7+ Kf8 72. Rc7 Kg8 73. h6 Kh8 74. Kf5 Rf1+ 75. Kg6 Rf8 76. Rh7+ Kg8 77. Be6+ 1-0

[Event "GrandPrix_30.05"]
[Site "Chess.com"]
[Date "2020.05.30"]
[Round "5"]
[White "klimkoj"]
[Black "OK97"]
[Result "0-1"]
[WhiteElo "2108"]
[BlackElo "2288"]
[TimeControl "600+2"]
[EndTime "10:29:32 PDT"]
[Termination "OK97 won by resignation"]

1. e4 c5 2. Nf3 Nc6 3. d4 cxd4 4. Nxd4 Nf6 5. Nc3 d6 6. Bg5 e6 7. Qd2 a6 8. O-O-O Bd7 9. f3 Be7 10. h4 h6 11. Be3 h5 12. Bg5 b5 13. Nxc6 Bxc6 14.
Ne2 Qb6 15. Nf4 a5 16. Kb1 b4 17. Bc4 a4 18. Rhe1 Rc8 19. Nxe6 fxe6 20. Bxe6 Rd8 21. Qd3 Bb5 22. Qd2 Bd7 23. Bc4 Qc5 24. b3 Kf8 25.
Be3 Qc7 26. Bd4 Be8 27. Qe3 Nd7 28. Qf4+ Bf6 29. Bxf6 Nxf6 30. Qd2 Rb8 31. f4 Bf7 32. e5 d5 33. Bd3 Ne4 34. Bxe4 dxe4 35. Rxe4 Kg8 36. f5 axb3 37. cxb3 Kh7 38. e6 Rhd8 39. Qe2 Be8 40. Rc4 Rxd1+ 41. Qxd1 Qe7 42. Qd4 Rd8 43. Qe4 Qf6 44. Rc1 Rd2 45. Rc2 Rd1+ 46. Rc1 Rd2 47. Rc2 Rd4 48. Qf3 Rxh4 49. g3 Rg4 50. Rc8 Bb5 51. Rc5 Ba6 52. Rc1 Rg5 53. Re1 Rxf5 54.
Qe4 Bb5 55. e7 Be8 56. g4 hxg4 57. Qxg4 Kg8 58. Qc4+ Qf7 59. Qxb4 Rf1 60. Kb2 Rxe1 61. Qxe1 Qf6+ 62. Ka3 Kf7 63. Qd2 Qxe7+ 64. Kb2 Qf6+ 65. Ka3 g5 66. b4 g4 67. Qd5+ Qe6 68. Qh5+ Ke7 69. Qg5+ Kd6 70. Qc5+ Kd7 71. Qg5 Bf7 72. Ka4 Qxa2+ 73. Kb5 Qd5+ 0-1

[Event "GrandPrix_30.05"]
[Site "Chess.com"]
[Date "2020.05.30"]
[Round "5"]
[White "tsaruk_maks"]
[Black "GMMarcinDziuba"]
[Result "0-1"]
[WhiteElo "2379"]
[BlackElo "2555"]
[TimeControl "600+2"]
[EndTime "10:29:39 PDT"]
[Termination "GMMarcinDziuba won by checkmate"]

1. e4 c6 2. d4 d5 3. Nd2 dxe4 4. Nxe4 Bf5 5. Ng3 Bg6 6. h4 h6 7. h5 Bh7 8. Nf3 Nd7 9. Bd3 Bxd3 10. Qxd3 e6 11.
Bd2 Ngf6 12. O-O-O Be7 13. Kb1 c5 14. Ne4 Qc7 15. Nxf6+ Nxf6 16. dxc5 Qxc5 17. Be3 Qa5 18. g4 Rd8 19. Qc4 O-O 20. g5 hxg5 21. Rxd8 Rxd8 22. Nxg5 Qf5 23. f4 Ng4 24. Bc1 e5 25. Rf1 Rc8 26.
Qe2 exf4 27. Rxf4 Qxg5 28. Rxg4 Qf5 29. Rf4 Qh7 30. Rg4 Bf6 31. Rg2 Qf5 32. a3 Kh7 33.
Ka2 Rc5 34. h6 g6 35. c3 Re5 36. Qd2 Re7 37. Re2 Rd7 38. Qe1 Qd5+ 39. Kb1 Qd3+ 40.
Ka2 Qd5+ 41. Kb1 Qf5+ 42. Ka2 g5 43. Re8 g4 44. Be3 Qd5+ 45. Kb1 Qf3 46. Bd4 Bxd4 47.
cxd4 Rxd4 48. Rh8+ Kxh8 49. Qe5+ f6 50. Qxd4 Kh7 51.
Qxa7 g3 52. Qc5 g2 53. Ka2 Qg4 54. Qe7+ Kxh6 55. Qe3+ Qg5 56. Qg1 Qg3 57. a4 Kh5 58. a5 f5 59. b4 f4 60. b5 f3 61. a6 bxa6 62. bxa6 f2 63. Qd1+ Qg4 64. Qd5+ Kh4 65.
a7 Qa4+ 66. Kb2 f1=Q 67. Qd8+ Kg3 68. Qg5+ Qg4 69. Qe5+ Qff4 70. Qc3+ Qgf3 71. Qg7+ Kf2 72. a8=Q Qd2+ 73. Ka1 Qfd1# 0-1

[Event "GrandPrix_30.05"]
[Site "Chess.com"]
[Date "2020.05.30"]
[Round "5"]
[White "SamadovRead"]
[Black "Valeriy_Neverov"]
[Result "0-1"]
[WhiteElo "1955"]
[BlackElo "2113"]
[TimeControl "600+2"]
[EndTime "10:29:49 PDT"]
[Termination "Valeriy_Neverov won by checkmate"]

1. d4 g6 2. c4 Bg7 3. Nf3 f5 4. Nc3 Nf6 5. Bg5 d6 6. e3 c6 7.
Qc2 Na6 8. a3 O-O 9. Be2 Qe8 10.
O-O e5 11. dxe5 dxe5 12. Rad1 h6 13. Bxf6 Bxf6 14. b4 Be6 15. c5 Nc7 16. Nd2 Qf7 17. Ncb1 Nd5 18. Nc4 e4 19. Nd6 Qe7 20. Bc4 Rad8 21.
Bxd5 Bxd5 22. Nc3 Be6 23. Ne2 Kh7 24. Nf4 Bg8 25. Rd2 Rd7 26. Rfd1 Rfd8 27. g4 fxg4 28. Nxe4 Rxd2 29. Rxd2 Rxd2 30. Nxf6+ Qxf6 31. Qxd2 g5 32. Qd3+ Kh8 33. Ne2 Bd5 34. e4 Be6 35. Nd4 Kg7 36. Qc3 Kf7 37. Qe3 Qf4 38. Qe1 h5 39. Nxe6 Kxe6 40.
Qe2 h4 41. Qc4+ Ke5 42. Qc3+ Kxe4 43. Qc4+ Ke5 44. Qc3+ Qd4 45. Qe1+ Kf5 46. Qb1+ Qe4 47. Qd1 h3 48. Qd7+ Ke5 49. Qd6+ Kf5 50. Qf8+ Ke5 51. Qd6+ Kf5 52. Qf8+ Kg6 53. Qg8+ Kf6 54. Qf8+ Ke6 55. Qe8+ Kd5 56. Qd7+ Kc4 57. Qf7+ Kc3 58. Qf6+ Kb3 59. Kf1 Kxa3 60. Qa1+ Kxb4 61. Qb2+ Kxc5 62. Qa3+ Qb4 63. Qe3+ Kb5 64. Qxg5+ c5 65. Qd8 b6 66.
Qd7+ Ka6 67. Qc8+ Ka5 68. Qb7 a6 69. Qd5 Qd4 70. Qa2+ Kb5 71. Qb3+ Qb4 72. Qd1 Qc4+ 73. Kg1 a5 74. Qd7+ Kb4 75. Qd2+ Qc3 76. Qf4+ c4 77.
Qd6+ Ka4 78. Qc6+ b5 79. Kf1 Qd3+ 80. Ke1 c3 81. Qc5 Qd2+ 82. Kf1 Qd1# 0-1

[Event "GrandPrix_30.05"]
[Site "Chess.com"]
[Date "2020.05.30"]
[Round "5"]
[White "Fandorine"]
[Black "Meri-Arabidze"]
[Result "0-1"]
[WhiteElo "2499"]
[BlackElo "2278"]
[TimeControl "600+2"]
[EndTime "10:29:52 PDT"]
[Termination "Meri-Arabidze won by resignation"]

1. e4 c5 2. Nf3 e6 3. d4 cxd4 4. Nxd4 Nc6 5. Nc3 a6 6. Be2 d6 7. Nxc6 bxc6 8. Qd3 Nf6 9. Qg3 h5 10. h4 e5 11. O-O Bg4 12. Bg5 Bxe2 13. Nxe2 Be7 14.
Nc3 O-O 15. Rad1 Ng4 16. Bxe7 Qxe7 17. Rfe1 Rad8 18. Rd2 Qb7 19. b3 Qb4 20. Qd3 a5 21. g3 Nh6 22. Red1 f5 23. exf5 d5 24. Na4 Nxf5 25.
c4 Nd4 26. Kg2 Nf3 27. Re2 e4 28. Qe3 Qd6 29. cxd5 cxd5 30. Qb6 Qe5 31. Nc5 Qf5 32. Qe6+ Qf7 33. a3 Rfe8 34. Qxf7+ Kxf7 35. Nb7 Rd7 36. Nxa5 d4 37. Nc4 d3 38. Re3 Rd4 39. Kf1 Rb8 40.
Rxf3+ exf3 41. Ne5+ Kf6 42. Nc6 Rbd8 43. Nxd8 Rxd8 44.
Ke1 Re8+ 45. Kd2 Re2+ 46. Kxd3 Rxf2 47. Ke3 Rb2 48. b4 Rb3+ 49. Kf2 Rxa3 50. Rb1 g5 51. b5 g4 52. b6 Ra2+ 53. Ke3 Ra3+ 54. Ke4 Ra8 55.
b7 Re8+ 56. Kd4 Rb8 57. Ke3 Re8+ 58. Kf2 Rb8 59. Rb5 Kg6 60. Rb6+ Kf5 61. Ke3 Ke5 62. Rb5+ Kf6 63. Kf2 Kg6 64. Rb4 Kf5 65. Rb2 Kg6 66.
Ke3 Kf5 67. Kd4 Rd8+ 68. Kc5 Rb8 69. Kd5 Rd8+ 70. Kc6 Ke4 71. Kc7 Rg8 72. b8=Q Rxb8 73. Kxb8 Ke3 74. Kc7 f2 75. Rb1 Ke2 76. Kd6 f1=Q 77.
Rxf1 Kxf1 78. Ke5 Kg2 79. Kf4 Kf2 80. Kg5 Kxg3 81. Kxh5 Kf4 82. Kg6 g3 83. h5 g2 84.
h6 g1=Q+ 85. Kf7 Qh2 86. h7 Qxh7+ 0-1

[Event "GrandPrix_30.05"]
[Site "Chess.com"]
[Date "2020.05.30"]
[Round "5"]
[White "VincentKeymer"]
[Black "MikaelyanArman1996"]
[Result "1/2-1/2"]
[WhiteElo "2597"]
[BlackElo "2386"]
[TimeControl "600+2"]
[EndTime "10:29:55 PDT"]
[Termination "Game drawn by repetition"]

1. Nf3 d5 2. e3 Nf6 3. c4 c6 4.
Nc3 Nbd7 5. Qc2 e5 6. cxd5 Nxd5 7. a3 Be7 8. b4 O-O 9. Bd3 g6 10. Bb2 Bf6 11. O-O Bg7 12. b5 Nc5 13. Nxd5 Qxd5 14.
Bc4 Bf5 15. Bxd5 Bxc2 16. bxc6 bxc6 17. Bxc6 Rac8 18. Rac1 Nd3 19. Rxc2 Nxb2 20. Rxb2 Rxc6 21. Rb4 Ra6 22. a4 Rc8 23. g4 Bf8 24. Re4 f6 25. Rb1 Bd6 26. Rb5 h6 27. Kf1 Kf7 28. Ke2 Rc7 29. a5 Rc5 30. Rb7+ Rc7 31. Rxc7+ Bxc7 32. Rc4 Bd6 33. Ra4 Bc7 34. Rb4 Ke6 35. Rb7 Kd7 36.
Nh4 Kc6 37. Rb2 g5 38. Nf5 Rxa5 39. Nxh6 Rb5 40. Ra2 Ra5 41. Rxa5 Bxa5 42. Kd3 e4+ 43. Kxe4 Bxd2 44. Nf5 a5 45. Kd3 Bb4 46. Kc4 Be1 47. Nd4+ Kd6 48. f3 a4 49. Nc2 Bd2 50. Kb5 Kd5 51.
Kxa4 Kc4 52. e4 Kd3 53. Kb3 Bf4 54. h3 Be5 55. Nb4+ Ke3 56. Kc4 Kxf3 57. Kd3 Kg3 58. Ke2 Kxh3 59. Kf3 Kh4 60. Nd3 Kh3 61. Nc5 Kh2 62.
Nd7 Kh3 63. Nf8 Kh2 64. Ng6 Kh3 65. Ne7 Kh2 66. Nf5 Kh3 67. Nh6 Kh2 68. Nf7 Kh3 69. Nd8 Kh2 70. Nc6 Kh3 71. Nb4 Kh4 72. Nd3 Kh3 73. Nf2+ Kh2 74. Nd1 Kh3 75. Ne3 Bf4 76. Nc4 Kh2 77. Nb6 Be5 78. Nd7 Kh3 79. Nc5 Kh2 80.
Nb3 Kh3 81. Na5 Kh2 82. Nc4 Kh3 83. Ne3 Bf4 84. Nd1 Be5 85. Nf2+ Kh2 86. Nd3 Kh3 1/2-1/2

[Event "GrandPrix_30.05"]
[Site "Chess.com"]
[Date "2020.05.30"]
[Round "5"]
[White "Lavrov_Maxim"]
[Black "ValeriyGrinev"]
[Result "1-0"]
[WhiteElo "2294"]
[BlackElo "2130"]
[TimeControl "600+2"]
[EndTime "10:29:57 PDT"]
[Termination "Lavrov_Maxim won by resignation"]

1. e4 c5 2. c3 Nf6 3. e5 Nd5 4. d4 cxd4 5. Nf3 e6 6. cxd4 d6 7. Nc3 Nxc3 8. bxc3 Qc7 9. Bd2 Nd7 10. exd6 Bxd6 11.
Bd3 O-O 12. O-O b6 13. Re1 Bb7 14. h3 Bf4 15. Ng5 Nf6 16. Bxf4 Qxf4 17. Re5 Qh4 18.
Nxh7 Nxh7 19. Rh5 Qxh5 20. Qxh5 Nf6 21. Qg5 Rac8 22. Rc1 Be4 23. Bf1 Rc7 24. h4 Rfc8 25. h5 Rxc3 26. h6 Bg6 27. Re1 Nh7 28. Qf4 gxh6 29.
Qxh6 Nf8 30. f3 Ra3 31. Re2 Rac3 32. Rd2 Rc1 33. Kf2 R8c2 34. Be2 Rxd2 35. Qxd2 Rc2 36. Qe3 Rxa2 37. g4 Nd7 38. Qg5 Ra5 39. Qd8+ Nf8 40. Bc4 Kg7 41. f4 Nh7 42. g5 Nf8 43. d5 exd5 44.
Bxd5 Kg8 45. Kf3 Ra3+ 46. Kg4 Rd3 47. Qa8 Rd4 48. Kf3 a5 49. Qb7 Ne6 50. Qc8+ Nf8 51. Qb7 Ne6 52. Bxe6 Rd3+ 53. Ke2 fxe6 54. Qb8+ Kf7 55.
Qh8 Bf5 56. Qf6+ Ke8 57. g6 Rg3 58. Qh8+ Kd7 59. g7 Rh3 60. Qxh3 Bxh3 61. g8=Q Bf5 62. Ke3 Kc6 63. Kd4 Kb5 64. Qe8+ Kb4 65. Qc6 b5 66.
Qc3+ Ka4 67. Kc5 b4 68. Qa1+ Kb3 69. Qxa5 Kc3 70. Qxb4+ Kd3 71. Qd4+ Ke2 72. Kd6 Kf3 73. Ke5 Kg4 74. Qg1+ Kf3 75. Qg5 Bh3 76. Qh5+ Bg4 77. Qh1+ Kg3 78. Qe4 Kh4 79. Kf6 Kg3 80. Qe3+ Kh4 81.
Qf2+ Kh3 82. Kg5 Bf5 83. Qg1 Bc2 84. f5 Bxf5 85. Kf4 1-0

[Event "GrandPrix_30.05"]
[Site "Chess.com"]
[Date "2020.05.30"]
[Round "5"]
[White "jacky72"]
[Black "Sam_ChessMood"]
[Result "0-1"]
[WhiteElo "2313"]
[BlackElo "2560"]
[TimeControl "600+2"]
[EndTime "10:30:05 PDT"]
[Termination "Sam_ChessMood won by checkmate"]

1. d4 Nf6 2. c4 e6 3. Nf3 d5 4. Nc3 Be7 5. Bg5 h6 6. Bh4 dxc4 7. e3 c5 8. Bxc4 cxd4 9. Nxd4 O-O 10. O-O Bd7 11. Qb3 Nc6 12. Nxc6 Bxc6 13. Rfd1 Qa5 14. Bb5 Bxb5 15. Qxb5 Qxb5 16. Nxb5 a6 17. Nc3 Rfc8 18. Rac1 Rc4 19. Bg3 Rac8 20.
Ra1 b5 21. a3 Ne8 22. Be5 f6 23. Bg3 Kf8 24. Kf1 e5 25. Rd2 Kf7 26. Ke2 Ke6 27. f4 exf4 28. Bxf4 Nd6 29. Rad1 Ne4 30. Nxe4 Rxe4 31. Bd6 Kf7 32. Bxe7 Rxe7 33. Rd6 Re6 34. Rd7+ Kg6 35. R1d4 h5 36. Kf3 Rce8 37. Rd3 Re5 38. R7d6 a5 39. R6d5 Kg5 40. b4 axb4 41. axb4 g6 42.
Rxe5+ Rxe5 43. Rd6 h4 44. Rb6 Rf5+ 45. Ke2 Re5 46.
Kf3 Rf5+ 47. Ke2 Re5 48. Rc6 f5 49. Rc3 Re4 50. Rb3 Rc4 51. Rb2 Kf6 52. Kf3 Ke5 53. Rb1 g5 54. Rb2 g4+ 55. Kf2 Ke4 56. Rb3 Rc2+ 57. Kf1 h3 58. gxh3 gxh3 59. Kg1 Rg2+ 60. Kh1 Re2 61. Rb1 Kxe3 62. Kg1 Ke4 63. Rb3 Re3 64. Rb2 f4 65. Kf2 Rf3+ 66. Ke2 Rc3 67. Kf2 Kd4 68. Re2 Rb3 69. Re8 Rxb4 70. Kf3 Rb2 71. Kxf4 Rxh2 72. Kg3 Rd2 73. Kxh3 b4 74. Kg3 b3 75. Kf3 b2 76. Rb8 Kc3 77. Ke3 Rd5 78.
Rc8+ Kb3 79. Rb8+ Kc3 80. Rc8+ Kb4 81. Ke4 Rb5 82. Rc1 bxc1=Q 83. Kd4 Qc4+ 84. Ke3 Ra5 85. Kd2 Ra2+ 86. Kd1 Qc2+ 87. Ke1 Qb1# 0-1

[Event "GrandPrix_30.05"]
[Site "Chess.com"]
[Date "2020.05.30"]
[Round "5"]
[White "kpio91"]
[Black "mishanick"]
[Result "1/2-1/2"]
[WhiteElo "2650"]
[BlackElo "2903"]
[TimeControl "600+2"]
[EndTime "10:30:19 PDT"]
[Termination "Game drawn by agreement"]

1. d4 Nf6 2. Nf3 d5 3. c4 e6 4. Nc3 dxc4 5. Qa4+ c6 6. Qxc4 b5 7. Qb3 a6 8. g3 c5 9. dxc5 Bb7 10. Bg2 Nbd7 11.
c6 Bxc6 12. O-O Be7 13. Rd1 Qb6 14. Be3 Qb7 15. h3 O-O 16. Rac1 Rac8 17. a3 h6 18. Ne1 Bxg2 19. Nxg2 Ne5 20. a4 b4 21. Nb1 Nd5 22.
Nd2 Rfd8 23. Rxc8 Rxc8 24. Bd4 Nc6 25. Nc4 Qc7 26. Nge3 Nxd4 27. Rxd4 Bf6 28. Rd1 Qc5 29. Nxd5 exd5 30. Ne3 d4 31. Nd5 Qc2 32. Qxc2 Rxc2 33. b3 a5 34. Nxf6+ gxf6 35. Kf1 Rb2 36. Rxd4 Rxb3 37. Rd5 Ra3 38. Rxa5 b3 39. Ra8+ Kg7 40. Rb8 b2 41. Rxb2 Rxa4 42. Kg2 Ra5 43. Rb4 Rc5 44. h4 Ra5 45. Rb6 Rc5 46. Ra6 Rb5 47. Kf3 Rc5 48. Kf4 Rc2 49. Kf3 Rc5 50. e3 Rf5+ 51. Kg2 Rb5 52. Ra4 Rc5 53. Rb4 Ra5 54. Rg4+ Kf8 55. Rf4 Kg7 56. Kh3 Rb5 57. Kg4 Ra5 58.
Rd4 Ra2 59. f3 Ra3 60. Kf4 Ra5 61. e4 Rb5 62. Rd5 Rb3 63. Rd7 Ra3 64. Rb7 Rc3 65. Rb1 Ra3 66. Re1 Rb3 67. Re3 Rb4 68. Rd3 Ra4 69. g4 Rb4 70. Rd5 Rb3 71. Ra5 Rc3 72. Ra2 Rb3 73. Re2 Kg6 74. Re3 Rb4 75. Rd3 Kg7 76.
g5 hxg5+ 77. hxg5 fxg5+ 78. Kxg5 Rb5+ 79. Rd5 Rb6 80. f4 Rg6+ 81. Kf5 Rf6+ 82. Ke5 Re6+ 83.
Kd4 Ra6 84. Rg5+ Kf6 85. Rf5+ Ke6 86. Rc5 Ra4+ 87. Rc4 Ra6 88. Rc5 Ra4+ 89. Ke3 Ra3+ 90. Ke2 Rb3 91. Re5+ Kf6 92. Rf5+ Ke6 93. Re5+ Kf6 94.
Rd5 Ke6 95. Rd3 Rb4 96. Kf2 Rxe4 1/2-1/2